AoeStats
← Planck Walk

Nomad

508083160Analyzed
4v4 RM · 11d ago on Sep 20, 2026· 30m 38s· 8 players
Game mode
Random Map
Map size
231×231
Population
200
Speed
Normal
Resources
Standard
Victory
Conquest
Starting age
Dark Age
Ending age
Imperial Age
RankedLock teamsTeams togetherTeam positionsShared explorationLock speedFull tech treeHidden civsTurbo modeCheats
Victory
Defeat
🇨🇳 Mongols · China
1371
+15
🇺🇸 Italians · United States
1358
+15
🇦🇷 Portuguese · Argentina
1328
+16
🇺🇸 Tupi · United States
1302
+17
🇫🇮 Shu · Finland
1368
-17
🇩🇪 Persians · Germany
1358
-16
1325
-15
🇮🇹 Spanish · Italy
1304
-15
ttbenitez
6:09 Loom
12:47 Feudal Age
14:25 Double-Bit Axe
19:31 Fletching
23:37 Wheelbarrow
26:04 Castle Age
24:19 Horse Collar
25:10 Gold Mining
25:42 Scale Barding Armor
26:40 Bodkin Arrow
28:56 Padded Archer Armor
pilots_son93
7:10 Loom
13:12 Feudal Age
14:48 Fletching
16:28 Double-Bit Axe
18:48 Stone Mining
21:50 Castle Age
20:11 Fishing Lines
21:20 Gold Mining
23:01 Bodkin Arrow
23:39 Bow Saw
26:40 Thumb Ring
ITA | CivettaAviotrasportata
6:57 Loom
12:46 Feudal Age
14:06 Double-Bit Axe
16:50 Forging
16:42 Gold Mining
23:30 Castle Age
24:21 Medium Warships
24:23 Squires
24:09 Arson
24:27 Scale Mail Armor
25:03 Iron Casting
24:35 Scale Mail Armor
24:24 Gambesons
26:30 Fishing Lines
27:57 Chain Mail Armor
28:13 Bow Saw
28:41 Wheelbarrow
28:37 Gillnets
HSL | MaurKo
5:02 Loom
12:15 Feudal Age
17:23 Castle Age
16:15 Double-Bit Axe
16:18 Fishing Lines
17:16 Stone Mining
17:34 Horse Collar
18:46 Bow Saw
22:33 Sanctity
22:48 Fervor
22:32 Horse Collar
23:06 Town Watch
25:01 Ballistics
24:44 Fletching
25:34 Bodkin Arrow
26:02 Guard Tower
26:28 Heavy Plow
28:01 Inquisition
Planck Walk
7:35 Loom
13:02 Feudal Age
15:05 Double-Bit Axe
16:57 Fletching
25:21 Castle Age
26:15 Medium Warships
26:58 Bow Saw
28:11 Wheelbarrow
27:21 Town Watch
27:41 Horse Collar
28:27 Town Watch
bailey
12:14 Loom
15:23 Feudal Age
19:57 Castle Age
17:47 Fishing Lines
18:04 Double-Bit Axe
18:50 Fletching
19:18 Stone Mining
21:09 Bodkin Arrow
21:08 Gillnets
21:52 Padded Archer Armor
22:53 Wheelbarrow
22:30 Gold Mining
26:15 Leather Archer Armor
26:30 Bow Saw
27:37 Ballistics
28:27 Hand Cart
28:00 Town Watch
33:13 Imperial Age
牛比无极限
6:01 Loom
12:40 Feudal Age
17:51 Castle Age
21:45 Double-Bit Axe
23:38 Fletching
24:47 Ballistics
xvadash
5:12 Loom
14:56 Feudal Age
24:05 Castle Age
25:47 Forging
25:43 Scale Barding Armor
26:55 Iron Casting
27:35 Chain Barding Armor
28:45 Bloodlines
Connection lost

Rejoining the realm…

Still unreachable

The connection could not be restored.

Session expired

The server has moved on; the page needs a fresh start.